 Dungeon Crawl Stone Soup version 0.20.1-1-g8b1a95d66d (webtiles) character file.

30 NullDivider the Charlatan (level 3, -8/23 HPs)
             Began as an Octopode Artificer on Dec 6, 2017.
             Killed themself with a badly aimed fireball (17 damage)
             ... on level 2 of the Dungeon.
             The game lasted 00:03:52 (1206 turns).

NullDivider the Charlatan (Octopode Artificer)      Turns: 1206, Time: 00:03:52

Health: -8/23      AC:  1    Str: 11    XL:     3   Next: 18%
Magic:  5/5        EV: 13    Int: 13    God:
Gold:   80         SH:  0    Dex: 13    Spells: 2/2 levels left

rFire    . . .     SeeInvis .   a - +0 short sword
rCold    . . .     Gourm    .   (no shield)
rNeg     . . .     Faith    .   (helmet restricted)
rPois    .         Spirit   .   (no amulet)
rElec    .         Reflect  .   (no ring)
rCorr    .         Harm     .   (no ring)
MR       .....                  (no ring)
Stlth    +++.......             (no ring)
Regen    0.1/turn               (no ring)
MPRegen  0.1/turn               (no ring)
                                (no ring)
                                (no ring)

@: no status effects
A: almost no armour, stealthy swim, amphibious, 8 rings, constrict 8, camouflage
1, gelatinous body 1
a: no special abilities


You were on level 2 of the Dungeon.
You were not hungry.

You visited 1 branch of the dungeon, and saw 2 of its levels.

You collected 80 gold pieces.

Inventory:

Hand Weapons
 a - a +0 short sword (weapon)
Wands
 b - a wand of flame (13/48)
 c - a wand of enslavement (15/24)
 d - a wand of random effects (15/48)
Scrolls
 e - a scroll of teleportation {unknown}
 j - 2 scrolls of remove curse {unknown}
 n - a scroll of identify {unknown}
 o - a scroll of immolation {unknown}
 s - a scroll of recharging {unknown}
Potions
 g - a potion of mutation {unknown}
 h - a potion of agility {unknown}
 i - a potion of degeneration {unknown}
 k - 2 potions of berserk rage {unknown}
 l - a potion of brilliance {unknown}
 p - a potion of magic {unknown}
 q - a potion of cancellation {unknown}
Comestibles
 f - a bread ration
 m - 2 royal jellies
 r - 4 chunks of flesh


   Skills:
 + Level 1.5 Fighting
 + Level 1.3 Short Blades
 + Level 2.2 Dodging
 * Level 2.7 Stealth
 + Level 3.5 Evocations


You had 2 spell levels left.
You didn't know any spells.

Dungeon Overview and Level Annotations

Branches:
Dungeon (2/15)

Altars:

Annotations:
D:2 Natasha


Innate Abilities, Weirdness & Mutations

You cannot wear most types of armour.
You are very stealthy in the water. (Stealth+)
You are amphibious.
You can wear up to eight rings at the same time.
You can use your tentacles to constrict eight enemies at once.
Your skin changes colour to match your surroundings (Stealth+).
Your rubbery body absorbs attacks. (AC +1, EV +1)


Message History

You see here 3 fruits.
The leopard gecko bites you.
Natasha casts a spell.
You hit the leopard gecko but do no damage.
You grab the leopard gecko. You squeeze the leopard gecko.
The leopard gecko is moderately wounded.
You constrict the leopard gecko. The leopard gecko misses you.
The goblin shouts!
You hit the leopard gecko.
You kill the leopard gecko!
Natasha claws you.
Evoke which item? (* to show all) (? for menu, Esc to quit)
Aiming: Random Effects
Press: ? - help, Shift-Dir - straight line, f - Natasha
Aim: Natasha The fireball explodes!
The fireball engulfs Natasha.
Natasha is moderately wounded.
The fireball engulfs you!
Ouch! That really hurt!
You die...

. ##...... .....## .
..............>..
#.#.................
#.#.... ....%......K
#...... ...........
#....(# #..........
#.....####..g.......
#......@hl5.g.......
#.....####.s........
#.##...# #..........
####.####.#############
#......<.......#
#........##....#
..#.........+....#
#.#.........# ...#
#...........# ...#


You could see Natasha, a shadow imp, a leopard gecko, a giant cockroach and 2
goblins.

Vanquished Creatures
  A gnoll (D:1)
  A dart slug (D:1)
  A leopard gecko (D:2)
  2 giant cockroaches (D:1)
  A goblin (D:1)
  2 hobgoblins
  2 jackals (D:1)
  2 bats (D:1)
  2 frilled lizards
  A kobold (D:1)
  3 rats
18 creatures vanquished.

Notes
Turn   | Place    | Note
-------+----------+-------------------------------------------
     0 | D:1      | NullDivider the Octopode Artificer began the quest for the Orb.
     0 | D:1      | Reached XP level 1. HP: 13/13 MP: 3/3
   269 | D:1      | Reached XP level 2. HP: 18/18 MP: 4/4
   770 | D:1      | Reached XP level 3. HP: 7/23 MP: 5/5
  1194 | D:2      | Noticed Natasha
  1206 | D:2      | Killed themself with a badly aimed fireball

Skill      XL: |  1 |
---------------+----+-----
Stealth        | 2 |  2.7
Fighting       | |  1.5
Short Blades   | |  1.3
Dodging        | |  2.2
Evocations     | |  3.5

Action                   || total
-------------------------++-------
Melee: Short sword       ||    31
       Constrict         ||     8
       Tentacles         ||     6
Evoke: Wand              ||     2
 Stab: Sleeping          ||     7
  Eat: Chunk             ||     1
Armor: Skin              ||     2
Dodge: Dodged            ||    16
